Map: [ESL] Ancient Cistern

Players

Reynor

  • Race: Zerg Zerg
  • League: Master
  • Spawn Location: 7:00

Solar - Winner!

  • Race: Zerg Zerg
  • League: Master
  • Spawn Location: 1:00

Event: HomeStory Cup XXIII

VOD

Have the link to the VOD?

Description

Time

  • Played on: July 2, 2023, 4:57 p.m.
  • Length: 7:48

All games in this series

Show
View Real Time Build Order
Export as new Build Order

Reynor Zerg 

Build Orders: Hatch First 

Get SALT Encoding   

  12  0:00  Drone  
  13  0:11  Overlord  
  13  0:16  Drone  
  14  0:30  Drone x2  
  16  0:46  Hatchery  
  15  0:50  Drone  
  15  0:53  Drone  
  15  0:56  Drone  
  18  1:04  Extractor  
  17  1:12  Spawning Pool  
  17  1:15  Drone  
  18  1:18  Drone  
  18  1:27  Drone  
  19  1:37  Drone  
  20  1:48  Drone  
  21  1:58  Queen x2  
  21  2:00  Drone, Zergling x2  
  27  2:04  Metabolic Boost  
  27  2:09  Overlord  
  27  2:11  Drone  
  28  2:28  Drone, Zergling x2  
  30  2:33  Hatchery  
  30  2:35  Drone  
  30  2:41  Drone  
  30  2:42  Overlord  
  31  2:48  Zergling x2  
  32  2:52  Zergling x2  
  32  2:54  Zergling x2  
  34  3:03  Zergling x2  
  34  3:04  Zergling x2  
  36  3:07  Zergling x12  
  41  3:14  Baneling Nest  
  41  3:16  Zergling x2  
  41  3:18  Zergling x2  
  42  3:26  Drone  
  43  3:28  Drone  
  44  3:37  Overlord  
  44  3:38  Overlord  
  44  3:41  Overlord  
  44  3:46  Drone x4  
  44  3:47  Drone  
  46  3:55  Drone  
  39  4:00  Zergling x2  
  40  4:08  Queen  
  42  4:12  Zergling x10  
  42  4:15  Zergling x2  
  47  4:18  Baneling x2  
  47  4:21  Zergling x2  
  48  4:24  Zergling x2  
  48  4:26  Baneling x4  
  48  4:27  Zergling x2  
  51  4:31  Zergling x2  
  51  4:35  Zergling x2  
  51  4:36  Zergling x6  
  54  4:41  Zergling x8  
  54  4:45  Zergling x4  
  58  4:52  Zergling x2  
  58  4:55  Overlord  
  58  4:59  Zergling x2  
  55  5:06  Zergling x10  
  59  5:09  Baneling x5  
  59  5:10  Zergling x2  
  58  5:23  Zergling x2  
  58  5:24  Zergling x14  
  58  5:25  Roach Warren  
  59  5:33  Zergling x6  
  58  5:39  Extractor  
  51  5:45  Drone x3  
  51  5:49  Baneling x2  
  54  5:51  Zergling x2  
  54  5:53  Zergling x8  
  59  5:58  Baneling x3  
  59  5:59  Baneling  
  59  6:01  Zergling x4  
  61  6:04  Overlord  
  61  6:07  Zergling x2  
  61  6:13  Zergling x2  
  61  6:17  Zergling x10  
  65  6:24  Zergling x2  
  66  6:26  Zergling x6  
  66  6:27  Zergling x8  
  73  6:39  Zergling x8  
  77  6:50  Baneling x5  
  77  6:51  Baneling x3  
  77  6:53  Zergling x8  
  81  6:57  Baneling  
  81  6:58  Zergling x6  
  84  7:05  Zergling x6  
  87  7:10  Overlord  
  87  7:11  Zergling x2  
  83  7:17  Zergling x8  
  83  7:21  Zergling x2  
  83  7:22  Zergling x2  
  74  7:23  Zergling x2  
  74  7:26  Zergling x2  
Show
View Real Time Build Order
Export as new Build Order

Solar Zerg - Winner!

Build Orders: Hatch First 

Get SALT Encoding   

  12  0:00  Drone  
  13  0:12  Overlord  
  13  0:17  Drone  
  14  0:31  Drone x2  
  16  0:47  Hatchery  
  15  0:50  Drone  
  15  0:54  Drone  
  17  0:58  Drone  
  18  1:08  Extractor  
  17  1:12  Spawning Pool  
  17  1:16  Drone  
  17  1:19  Drone  
  18  1:28  Drone  
  19  1:38  Drone  
  20  1:49  Drone  
  21  1:59  Queen x2  
  21  2:00  Zergling x2  
  21  2:01  Overlord  
  26  2:09  Metabolic Boost  
  26  2:11  Drone x2  
  28  2:21  Drone x2  
  30  2:32  Hatchery  
  30  2:35  Zergling x2  
  30  2:41  Queen  
  32  2:49  Drone, Baneling Nest  
  32  2:54  Overlord  
  32  2:56  Drone  
  33  2:59  Drone  
  33  3:02  Zergling x2  
  33  3:05  Drone  
  36  3:14  Drone x4  
  36  3:16  Zergling x2  
  36  3:17  Zergling x2  
  41  3:21  Zergling x2  
  42  3:27  Zergling x2  
  42  3:32  Baneling x3  
  42  3:33  Overlord  
  42  3:34  Overlord  
  43  3:37  Zergling x2  
  44  3:41  Overlord  
  44  3:45  Zergling x6  
  46  3:50  Zergling x2  
  46  3:54  Zergling x2  
  43  4:03  Queen  
  43  4:07  Zergling x4  
  47  4:13  Drone x2  
  49  4:17  Overlord  
  49  4:22  Zergling x6  
  52  4:24  Drone  
  53  4:35  Drone x3  
  53  4:37  Roach Warren  
  55  4:39  Drone  
  55  4:40  Drone x2  
  58  4:46  Drone x3  
  58  4:47  Drone  
  61  4:57  Baneling, Zergling x6  
  64  5:01  Zergling x8  
  64  5:04  Zergling x4  
  68  5:10  Baneling x4  
  68  5:11  Baneling x3  
  68  5:12  Overlord  
  68  5:18  Zergling x8  
  71  5:22  Roach  
  71  5:24  Roach  
  71  5:27  Roach  
  75  5:30  Roach x2  
  75  5:33  Roach  
  77  5:36  Zergling x2  
  77  5:37  Zergling x2  
  77  5:38  Extractor  
  77  5:39  Extractor  
  74  5:46  Drone x3  
  77  5:51  Zergling x4  
  77  5:54  Overlord  
  79  6:01  Evolution Chamber  
  79  6:03  Drone x2  
  80  6:05  Lair  
  80  6:06  Drone  
  81  6:14  Drone x2  
  81  6:15  Drone  
  84  6:23  Overlord x2  
  84  6:26  Drone  
  84  6:29  Extractor  
  84  6:35  Drone x2  
  84  6:37  Drone x4  
  89  6:40  Extractor  
  89  6:45  Drone x4  
  92  6:47  Roach  
  92  6:48  Overlord  
  94  6:57  Roach x2  
  94  7:01  Roach  
  100  7:05  Overlord  
  100  7:07  Roach x3, Overseer  
  105  7:12  Roach x5  
  102  7:23  Roach x5  
  102  7:29  Roach  
  97  7:30  Ravager  
Tags
 
Add a new tag
Caveats
  • Supply blocks, unpowered buildings, or Contaminate may cause inaccurate times.
  • Supply counts are checked every 10 seconds.